 Dungeon Crawl Stone Soup version 0.27-a0-1230-gfc7c993222 (webtiles) character file.

Game seed: 6291554799438140335

98 DeathSun the Sneak (level 4, 17/32 HPs)
             Began as a Gnoll Enchanter on June 8, 2021.
             Quit the game on level 3 of the Dungeon.
             The game lasted 00:12:07 (3828 turns).

DeathSun the Sneak (Gnoll Enchanter)                Turns: 3828, Time: 00:12:08

Health: 17/32      AC:  4    Str:  7    XL:     4   Next: 71%
Magic:  11/11      EV: 13    Int: 16    God:
Gold:   132        SH:  0    Dex: 12    Spells: 9/13 levels left

rFire    . . .     SeeInvis .   c - +2 whip (vamp)
rCold    . . .     Faith    .   (no shield)
rNeg     . . .     Spirit   .   b - +0 robe
rPois    .         Reflect  .   p - +1 helmet
rElec    .         Harm     .   (no cloak)
rCorr    +         Rampage  .   (no gloves)
Will     .....                  (no boots)
Stlth    +++.......             (no amulet)
HPRegen  0.10/turn              d - ring of resist corrosion
MPRegen  0.12/turn              (no ring)

@: no status effects
A: fangs 1, strong nose, distributed training
a: no special abilities


You were on level 3 of the Dungeon.
You visited 1 branch of the dungeon, and saw 3 of its levels.

You collected 132 gold pieces.

Inventory:

Hand Weapons
 a - a +1 dagger
 c - a +2 vampiric whip (weapon)
Armour
 b - a +0 robe (worn)
 f - a +0 helmet
 p - a +1 helmet (worn)
Jewellery
 d - a ring of resist corrosion (left hand)
Scrolls
 g - 2 scrolls of enchant weapon {unknown}
 h - a scroll of brand weapon {unknown}
 l - a scroll of identify {unknown}
 m - a scroll of vulnerability {unknown}
 n - a scroll of amnesia {unknown}
Potions
 i - 2 potions of attraction {unknown}
 j - a potion of ambrosia {unknown}
 o - a potion of heal wounds {unknown}


   Skills:
 + Level 1.2 Fighting
 + Level 2.8 Short Blades
 + Level 1.2 Long Blades
 + Level 1.2 Axes
 + Level 1.2 Maces & Flails
 + Level 1.2 Polearms
 + Level 1.2 Staves
 + Level 1.2 Slings
 + Level 1.2 Bows
 + Level 1.2 Crossbows
 + Level 1.2 Throwing
 + Level 1.2 Armour
 + Level 4.7 Dodging
 + Level 6.1 Stealth
 + Level 1.2 Shields
 + Level 1.2 Unarmed Combat
 + Level 5.1 Spellcasting
 + Level 1.0 Conjurations
 + Level 5.5 Hexes
 + Level 1.0 Summonings
 + Level 1.0 Necromancy
 + Level 1.0 Translocations
 + Level 1.0 Transmutations
 + Level 1.0 Fire Magic
 + Level 1.0 Ice Magic
 + Level 1.0 Air Magic
 + Level 1.0 Earth Magic
 + Level 1.0 Poison Magic
 + Level 1.3 Invocations
 + Level 1.2 Evocations


You had 9 spell levels left.
You knew the following spells:

 Your Spells              Type           Power      Damage    Failure   Level
a - Corona                Hex            23%        N/A       1%          1
b - Confusing Touch       Hex            21%        N/A       4%          3

Your spell library contained the following spells:

 Spells                   Type           Power      Damage    Failure   Level
 Tukima's Dance           Hex            21%        N/A       4%          3
 Ensorcelled Hibernation  Hex/Ice        28%        N/A       6%          2
 Dazzling Flash           Conj/Hex       28%        N/A       12%         3


Dungeon Overview and Level Annotations

Branches:
Dungeon (3/15)

Altars:

Shops:
D:3 (

Annotations:
D:3 Sigmund


Innate Abilities, Weirdness & Mutations

You have very sharp teeth.
Your uncanny sense of smell can sniff out nearby items.
Your experience applies equally to all skills.


Message History

There is a stone staircase leading up here.
You climb upwards.
There is a stone staircase leading down here.
There is an open door here.
Things that are here:
a stone; a +0 dagger
There is a stone staircase leading down here.
You climb downwards.
Level annotation: Sigmund
There is a stone staircase leading up here.
There is an escape hatch in the ceiling here.
The orc shouts!
The orc hits you from afar with a +0 trident.
There is an escape hatch in the ceiling here.
The orc barely misses you.
There is an escape hatch in the ceiling here.
You hit the orc but do no damage. The orc hits you with a +0 trident.
You barely miss the orc. The orc misses you.
You completely miss the orc. The orc hits you but does no damage.
You closely miss the orc. The orc misses you.
You hit the orc.
You feel better.
The orc is heavily wounded.
The orc barely misses you. x2
You hit the orc but do no damage.
The orc is lightly wounded.
The orc hits you with a +0 trident.
You closely miss the orc.
The orc is lightly wounded.
The orc hits you with a +0 trident.
You hit the orc.
You feel better.
The orc is heavily wounded.
The orc hits you but does no damage.
You barely miss the orc. You bite the orc, but do no damage.
The orc is heavily wounded.
The orc hits you with a +0 trident!
You hit the orc.
You feel better.
You kill the orc!
Things that are here:
a +0 trident; a +0 leather armour Are you sure you want to abandon this character and quit the game? (Confirm with "yes".)

.# #o .# #.#
.# #.# .# #.#
.# #.###.#
#.....######
∆#..#........
#..#@######.
#<.<.# ######


There were no monsters in sight!

Vanquished Creatures
  An orc wizard (D:3)
  2 adders
  2 worms (D:2)
  3 dart slugs (D:2)
  2 orcs (D:3)
  5 endoplasms
  4 giant cockroaches
  3 goblins
  6 hobgoblins
  5 kobolds
  4 ball pythons (D:1)
  4 bats
  2 frilled lizards (D:1)
  2 rats
45 creatures vanquished.

Vanquished Creatures (others)
  2 plants (D:1)
2 creatures vanquished.

Grand Total: 47 creatures vanquished

Notes
Turn   | Place    | Note
-------+----------+-------------------------------------------
     0 | D:1      | DeathSun the Gnoll Enchanter began the quest for the Orb.
     0 | D:1      | Reached XP level 1. HP: 13/13 MP: 6/6
   258 | D:1      | Reached XP level 2. HP: 19/19 MP: 7/7
  1644 | D:2      | Reached XP level 3. HP: 25/25 MP: 9/9
  1714 | D:1      | Learned a level 3 spell: Confusing Touch
  1733 | D:1      | Reached skill level 6 in Stealth
  1733 | D:1      | Reached skill level 5 in Spellcasting
  1907 | D:2      | Reached skill level 1 in Invocations
  1963 | D:2      | HP: 1/25 [worm (10)]
  2510 | D:2      | Found a faded altar of an unknown god.
  2543 | D:2      | Reached skill level 1 in Fighting
  2543 | D:2      | Reached skill level 1 in Long Blades
  2543 | D:2      | Reached skill level 1 in Axes
  2543 | D:2      | Reached skill level 1 in Maces & Flails
  2543 | D:2      | Reached skill level 1 in Polearms
  2543 | D:2      | Reached skill level 1 in Staves
  2543 | D:2      | Reached skill level 1 in Slings
  2543 | D:2      | Reached skill level 1 in Bows
  2543 | D:2      | Reached skill level 1 in Crossbows
  2543 | D:2      | Reached skill level 1 in Throwing
  2543 | D:2      | Reached skill level 1 in Armour
  2543 | D:2      | Reached skill level 1 in Shields
  2543 | D:2      | Reached skill level 1 in Unarmed Combat
  2543 | D:2      | Reached skill level 1 in Evocations
  2618 | D:2      | Reached XP level 4. HP: 27/32 MP: 11/11
  3271 | D:3      | Found Piden's Weapon Shop.
  3305 | D:3      | Reached skill level 1 in Conjurations
  3305 | D:3      | Reached skill level 1 in Summonings
  3305 | D:3      | Reached skill level 1 in Necromancy
  3305 | D:3      | Reached skill level 1 in Translocations
  3305 | D:3      | Reached skill level 1 in Transmutations
  3305 | D:3      | Reached skill level 1 in Fire Magic
  3305 | D:3      | Reached skill level 1 in Ice Magic
  3305 | D:3      | Reached skill level 1 in Air Magic
  3305 | D:3      | Reached skill level 1 in Earth Magic
  3305 | D:3      | Reached skill level 1 in Poison Magic
  3754 | D:3      | Noticed Sigmund
  3828 | D:3      | Quit the game

Illustrated notes

Levels and vault maps discovered:
D:1:      psy_arrival_basics, layout_basic, serial_forest,
          infiniplex_forest_lined_3, infiniplex_forest_clump_C,
          infiniplex_forest_clump_medium, infiniplex_forest_zigzag_2,
          infiniplex_forest_clump_diagonal, infiniplex_forest_lined_1,
          infiniplex_forest_lined_2, infiniplex_forest_straight_4,
          infiniplex_forest_end_3
D:2:      minmay_door_path, layout_basic, hellmonk_ecumenical_altar_run_dry
D:3:      layout_basic, trog_wizard, okawaru_altar_gauntlet_db, serial_shops,
          nicolae_shop_behind_doors, kennysheep_minor_cross, uniq_sigmund,
          uniq_crazy_yiuf_cottage, uniq_robin, uniq_natasha

Skill      XL: |  1  2  3  4 |
---------------+-------------+-----
Stealth        | 6 |  6.1
Spellcasting   | 5 |  5.1
Invocations    | 1 |  1.3
Fighting       | 1 |  1.2
Long Blades    | 1 |  1.2
Axes           | 1 |  1.2
Maces & Flails | 1 |  1.2
Polearms       | 1 |  1.2
Staves         | 1 |  1.2
Slings         | 1 |  1.2
Bows           | 1 |  1.2
Crossbows      | 1 |  1.2
Throwing       | 1 |  1.2
Armour         | 1 |  1.2
Shields        | 1 |  1.2
Unarmed Combat | 1 |  1.2
Evocations     | 1 |  1.2
Conjurations   | 1 |  1.0
Summonings     | 1 |  1.0
Necromancy     | 1 |  1.0
Translocations | 1 |  1.0
Transmutations | 1 |  1.0
Fire Magic     | 1 |  1.0
Ice Magic      | 1 |  1.0
Air Magic      | 1 |  1.0
Earth Magic    | 1 |  1.0
Poison Magic   | 1 |  1.0
Short Blades   | |  2.8
Dodging        | |  4.7
Hexes          | |  5.5

Action                   |  1- 3 |  4- 6 || total
-------------------------+-------+-------++-------
Melee: Whip              |   169 |    39 ||   208
       Dagger            |     3 |       ||     3
       Bite              |    17 |     4 ||    21
       Punch             |       |     1 ||     1
 Cast: Confusing Touch   |     2 |     1 ||     3
  Use: Scroll            |       |     1 ||     1
       Potion            |       |     1 ||     1
 Stab: Sleeping          |     9 |     1 ||    10
       Confused          |     2 |       ||     2
Armor: Robe              |    23 |    10 ||    33
Dodge: Dodged            |    93 |    20 ||   113

Table legend: (Time is in decaauts)
 A = Elapsed time spent in this place.
 B = Non-inter-level travel time spent in this place.
 C = Inter-level travel time spent in this place.
 D = Time resting spent in this place.
 E = Time spent auto-exploring this place.
 F = Levels seen in this place.
 G = Mean time per level.
                   A        B        C        D        E       F      G
               +--------+--------+--------+--------+--------+-----+--------+
         Total |   3829 |   3509 |    320 |   1334 |   1487 |   3 | 1276.3 |
       Dungeon |   3829 |   3509 |    320 |   1334 |   1487 |   3 | 1276.3 |
               +--------+--------+--------+--------+--------+-----+--------+

Top non-repeatable levels by time:
     D:2: 2572 daAuts
     D:1: 1136 daAuts
     D:3: 120 daAuts
